 Dungeon Crawl Stone Soup version 0.29.1-1-gd02db6906a (webtiles) character file.

Game seed: 1440701647564326567

15988 Ashen the Frost Mage (level 12, 89/89 HPs)
             Began as a Demonspawn Ice Elementalist on Oct 11, 2022.
             Was an Elder of Vehumet.
             Got out of the dungeon alive.
             The game lasted 00:41:44 (16377 turns).

Ashen the Frost Mage (Demonspawn Ice Elementalist) Turns: 16377, Time: 00:41:45

Health: 89/89      AC:  6    Str:  9    XL:     12   Next: 6%
Magic:  34/34      EV: 14    Int: 21    God:    Vehumet [****..]
Gold:   1310       SH:  0    Dex: 16    Spells: 13/30 levels left

rFire   . . .      SeeInvis .   K - +0 war axe (elec)
rCold   . . .      Faith    .   (no shield)
rNeg    . . .      Spirit   .   N - +2 leather armour {Will+}
rPois   .          Reflect  .   (no helmet)
rElec   .          Harm     .   (no cloak)
rCorr   .          Rampage  .   A - +0 pair of gloves {Stlth+}
Will    ++...                   (no boots)
Stlth   +++++.....              (no amulet)
HPRegen 0.24/turn               g - ring of magical power
MPRegen 0.24/turn               u - ring of willpower

@: no status effects
A: hooves 2, thin skeletal structure 1, demonic guardian 2, spiny 1
a: Renounce Religion


You escaped.
You worshipped Vehumet.
Vehumet was greatly pleased with you.
You visited 3 branches of the dungeon, and saw 14 of its levels.
You also visited: Sewer and Bailey.

You collected 1310 gold pieces.

Inventory:

Hand Weapons
 J - a +0 vorpal war axe
 K - a +0 war axe of electrocution (weapon)
 O - a +1 dagger of venom
Armour
 v - a +1 robe of the Archmagi
 A - a +0 pair of gloves of stealth (worn)
 I - a +3 leather armour of poison resistance
 N - a +2 leather armour of willpower (worn)
 R - a +0 troll leather armour
Jewellery
 g - a ring of magical power (left hand)
 j - an amulet of guardian spirit
 r - a ring of flight
 u - a ring of willpower (right hand)
 y - a ring of ice
 C - a ring of wizardry
 H - a ring of see invisible
 M - a +6 ring of intelligence
Wands
 q - a wand of flame (11)
 L - a wand of mindburst (5)
Scrolls
 a - 5 scrolls of identify
 m - 2 scrolls of poison
 o - 4 scrolls of vulnerability
 p - 2 scrolls of blinking
 s - 4 scrolls of enchant weapon
 t - 2 scrolls of amnesia
 x - 4 scrolls of teleportation {unknown}
 B - a scroll of enchant armour {unknown}
 E - a scroll of summoning {unknown}
 F - 4 scrolls of fear {unknown}
 G - 2 scrolls of butterflies
 P - a scroll of immolation {unknown}
Potions
 b - 3 potions of magic
 c - 2 potions of ambrosia
 d - a potion of berserk rage {unknown}
 e - 7 potions of curing
 f - 4 potions of haste
 h - 6 potions of might
 i - 5 potions of mutation
 k - 3 potions of flight
 l - 2 potions of resistance
 n - a potion of cancellation {unknown}
 w - 2 potions of lignification {unknown}
 z - 6 potions of attraction {unknown}
 D - a potion of invisibility {unknown}
 S - a potion of heal wounds
Miscellaneous
 Q - a lightning rod (4/4)


   Skills:
 + Level 6.9 Fighting
 + Level 6.6 Dodging
 - Level 5.0 Stealth
 * Level 9.5 Spellcasting
 * Level 8.6 Conjurations
 - Level 10.0 Ice Magic


You had 13 spell levels left.
You knew the following spells:

 Your Spells              Type           Power      Damage    Failure   Level
a - Freeze                Ice            100%       1d11      1%          1
b - Frozen Ramparts       Ice            100%       1d16      1%          3
c - Ozocubu's Armour      Ice            51%        N/A       1%          3
d - Hailstorm             Conj/Ice       49%        3d11      1%          4
e - Blink                 Tloc           20%        N/A       14%         2
f - Sticky Flame          Conj/Fire      28%        2d5       4%          4

Your spell library contained the following spells:

 Spells                   Type           Power      Damage    Failure   Level
 Poisonous Vapours        Pois/Air       20%        N/A       4%          2
 Apportation              Tloc           20%        N/A       10%         1
 Necrotise                Necr           40%        1d6       10%         1
 Sting                    Tmut/Pois      40%        1d5       10%         1
 Summon Small Mammal      Summ           40%        N/A       10%         1
 Olgreb's Toxic Radiance  Pois           10%        N/A       24%         4
 Confusing Touch          Hex            10%        N/A       28%         3
 Gell's Gravitas          Tloc           10%        N/A       28%         3
 Lesser Beckoning         Tloc           10%        N/A       28%         3
 Teleport Other           Tloc           10%        N/A       28%         3
 Lee's Rapid Deconstruct  Erth           5%         3d7*      54%         5
 Yara's Violent Unravell  Hex/Tmut       5%         3d4       54%         5
 Leda's Liquefaction      Hex/Erth       5%         N/A       67%         4
 Manifold Assault         Tloc           10%        N/A       95%         5
 Dispersal                Tloc           5%         N/A       100%        6
 Statue Form              Tmut/Erth      6%         N/A       100%        6
 Enfeeble                 Hex            5%         N/A       100%        7


Dungeon Overview and Level Annotations

Branches:
Dungeon (11/15)            Temple (1/1) D:7            Lair (0/5) D:10
    Orc (2/2) D:11          Sewer (visited)          Bailey (visited)
    Elf: Orc:2

Altars:
Ashenzari
Cheibriados
Dithmenos
Fedhas
Gozag
Hepliaklqana
Kikubaaqudgha
Makhleb
Nemelex Xobeh
Okawaru
Qazlal
Ru
Sif Muna
Trog
Uskayaw
Vehumet
Wu Jian
Xom
Yredelemnul


Innate Abilities, Weirdness & Mutations

You have hoof-like feet.
You have a somewhat thin skeletal structure. (Dex +2, Stealth+)
A demonic guardian rushes to your aid.
You are partially covered in sharp spines.


Message History

There is a stone staircase leading up here.
You climb upwards.
There is a stone staircase leading down here.
There is an open door here.
Magic restored.
Things that are here:
a +0 robe; a +0 dagger
There is a stone staircase leading up, spattered with blood here.
You climb upwards.
There is a stone staircase leading down here.
You see here a +0 great mace.
There is a stone staircase leading up here.
You climb upwards.
There is a stone staircase leading down here.
There is a stone staircase leading up here.
You climb upwards.
There is a stone staircase leading down here.
There is an open door here.
There is a stone staircase leading up here.
You climb upwards.
There is a stone staircase leading down here.
There is a stone staircase leading up here.
You climb upwards.
There is a stone staircase leading down here.
There is a stone staircase leading up here.
You climb upwards.
There is a stone staircase leading down here.
There is a stone staircase leading up here.
You climb upwards.
There is a stone staircase leading down here.
There is an open door here.
There is a stone staircase leading up here.
You climb upwards.
There is a stone staircase leading down here.
There is a stone staircase leading up here.
You climb upwards.
There is a stone staircase leading down here.
There is a staircase leading out of the dungeon here.
Are you sure you want to leave the Dungeon?
This will make you lose the game!
You have escaped!

.....###.....###..............###
##...###############......##..#..
..........# ##.....##..#.###..###
##........###.......##...##......
#........#+.........##..##......
#....#####...........##.........
#....# #.............#'.#..#.##
##....####..............###..#.#
................@............#.#
##.....###..............##...#.#
...#.....#.............####..#.##
...#.###.##...........##.........
..........#'.........###.##....##
.....####..##.......'# #.##..#.##
.....# #..###.....### #.##......
##...####....###########.###.#.#.
.................................


There were no monsters in sight!

Vanquished Creatures
  Erolcha (Orc:2)
  3 two-headed ogres
  An orc knight (Orc:1)
  A deep elf zephyrmancer (Bailey)
  Pikel (D:8)
  2 unseen horrors (D:10)
  A kobold demonologist (D:10)
  5 trolls
  Grinder (D:5)
  5 shadows
  A wyvern (D:8)
  15 yaks
  2 steam dragons
  A vampire (D:11)
  A vampire mosquito (D:10)
  Edmund (D:5)
  An acid dragon (D:11)
  14 orc warriors
  An ice beast (D:7)
  5 sky beasts
  A black bear (D:6)
  2 ogres
  2 centaurs (D:9)
  2 lemures (D:8)
  A phantom (D:6)
  2 kobold brigands
  Blork the orc (D:5)
  2 bullfrogs
  4 scorpions
  8 wights
  6 killer bees (D:9)
  4 howler monkeys
  11 orc priests
  4 hounds
  3 jellies
  An iguana (D:4)
  Natasha (twice) (D:3)
  13 orc wizards
  17 adders
  An ufetubus (D:5)
  A worm (D:3)
  3 dart slugs
  54 orcs
  13 endoplasms
  5 giant cockroaches
  7 goblins
  4 hobgoblins
  13 kobolds
  7 quokkas
  9 ball pythons
  4 bats
  4 frilled lizards
  10 rats
  A spectral orc (D:11)
285 creatures vanquished.

Vanquished Creatures (collateral kills)
  An orc knight (Bailey)
  A wraith (D:10)
  A shadow (D:10)
  A yak (D:10)
  A wyvern (D:10)
  A water moccasin (D:7)
  An ice beast (D:8)
  An orc warrior (D:8)
  An ogre (D:5)
  2 orc wizards
  An adder (D:5)
  A shadow imp (D:5)
  5 orcs
  A kobold (D:8)
19 creatures vanquished.

Vanquished Creatures (others)
  A goblin (D:8)
  A hobgoblin (D:9)
  A ball python (D:9)
  A frilled lizard (D:9)
4 creatures vanquished.

Grand Total: 308 creatures vanquished

Notes
Turn   | Place    | Note
-------+----------+-------------------------------------------
     0 | D:1      | Ashen the Demonspawn Ice Elementalist began the quest for
                  | the Orb.
     0 | D:1      | Reached XP level 1. HP: 13/13 MP: 3/3
  1039 | D:2      | Gained mutation: You have large cloven feet. [demonic
                  | ancestry]
  1039 | D:2      | Reached XP level 2. HP: 20/20 MP: 3/5
  1497 | D:2      | Reached XP level 3. HP: 25/25 MP: 4/6
  2145 | D:3      | Reached skill level 1 in Fighting
  2145 | D:3      | Reached skill level 4 in Ice Magic
  2338 | D:3      | Gained mutation: A weak demonic guardian rushes to your
                  | aid. [demonic ancestry]
  2338 | D:3      | Reached XP level 4. HP: 15/32 MP: 0/8
  2586 | D:3      | Noticed Natasha
  3174 | D:3      | Killed Natasha
  3188 | D:3      | Learned a level 3 spell: Frozen Ramparts
  3192 | D:3      | Learned a level 3 spell: Ozocubu's Armour
  3366 | D:3      | Gained mutation: A demonic guardian rushes to your aid.
                  | [demonic ancestry]
  3366 | D:3      | Reached XP level 5. HP: 37/37 MP: 9/9
  3523 | D:3      | Noticed Natasha
  3530 | D:3      | Killed Natasha
  3864 | D:4      | Found a glowing drain.
  3869 | Sewer    | Entered a sewer
  4090 | Sewer    | Gained mutation: You have hoof-like feet. [demonic
                  | ancestry]
  4090 | Sewer    | Reached XP level 6. HP: 41/44 MP: 7/11
  4412 | Sewer    | Found a viscous altar of Jiyva.
  4749 | D:4      | Reached skill level 5 in Ice Magic
  4859 | D:4      | Found a blossoming altar of Fedhas.
  5010 | D:5      | Entered Level 5 of the Dungeon
  5133 | D:5      | Gained mutation: You have a somewhat thin skeletal
                  | structure. (Dex +2, Stealth+) [demonic ancestry]
  5133 | D:5      | Reached XP level 7. HP: 17/51 MP: 4/13
  5531 | D:5      | Noticed Grinder
  5560 | D:5      | Paralysed by Grinder for 5 turns
  5686 | D:5      | Noticed Blork the orc
  5694 | D:5      | Killed Blork the orc
  6082 | D:5      | Noticed Edmund
  6092 | D:5      | Killed Edmund
  6208 | D:5      | Found a shimmering blue altar of Sif Muna.
  6277 | D:5      | Killed Grinder
  6278 | D:5      | Reached skill level 5 in Spellcasting
  6278 | D:5      | Reached XP level 8. HP: 21/58 MP: 15/15
  6513 | D:5      | Reached skill level 6 in Ice Magic
  6573 | D:5      | Learned a level 4 spell: Hailstorm
  6640 | D:6      | Reached skill level 1 in Conjurations
  7489 | D:7      | Found an ancient bone altar of Kikubaaqudgha.
  7630 | D:7      | Learned a level 2 spell: Blink
  7700 | D:7      | Reached XP level 9. HP: 43/65 MP: 10/17
  8061 | D:7      | Found a broken altar of Ashenzari.
  8310 | D:7      | Found a staircase to the Ecumenical Temple.
  8315 | Temple   | Entered the Ecumenical Temple
  8352 | Temple   | Became a worshipper of Vehumet
  8687 | D:8      | Reached skill level 7 in Ice Magic
  8713 | D:8      | Found a flagged portal.
  8771 | Bailey   | Entered a bailey
  8954 | Bailey   | Reached skill level 5 in Stealth
  8986 | Bailey   | Noticed an orc knight
  9002 | Bailey   | Found a large runed translucent door.
  9002 | Bailey   | Found a large runed translucent door.
  9003 | Bailey   | Noticed a deep elf zephyrmancer
  9007 | Bailey   | Reached * piety under Vehumet
  9007 | Bailey   | Offered knowledge of Magic Dart by Vehumet.
  9017 | Bailey   | Killed an orc knight
  9115 | Bailey   | Killed a deep elf zephyrmancer
  9116 | Bailey   | Reached skill level 5 in Dodging
  9116 | Bailey   | Reached skill level 5 in Conjurations
  9116 | Bailey   | Reached XP level 10. HP: 73/73 MP: 20/20
  9304 | D:8      | Reached skill level 5 in Fighting
  9466 | D:8      | Noticed Pikel
  9640 | D:8      | Killed Pikel
  9882 | D:8      | Reached skill level 8 in Ice Magic
 10767 | D:9      | Identified the +11 great sword of Suicidal Tendencies
                  | {vorpal, rN+ Str-5 Dex+3 SInv}
 10785 | D:9      | Offered knowledge of Sandblast by Vehumet.
 10790 | D:9      | Reached ** piety under Vehumet
 10857 | D:9      | Found an iron altar of Okawaru.
 11290 | D:9      | Found a stormy altar of Qazlal.
 11634 | D:9      | Found a shimmering altar of Xom.
 11702 | D:10     | Entered Level 10 of the Dungeon
 11941 | D:10     | Found a staircase to the Lair.
 11952 | D:10     | Found a hide-covered altar of Uskayaw.
 12111 | D:10     | Noticed a two-headed ogre
 12121 | D:10     | Noticed a two-headed ogre
 12444 | D:10     | Reached XP level 11. HP: 53/81 MP: 23/23
 12971 | D:10     | Killed a two-headed ogre
 12972 | D:10     | Reached skill level 9 in Ice Magic
 13248 | D:10     | Offered knowledge of Scorch by Vehumet.
 13831 | D:10     | Reached *** piety under Vehumet
 13985 | D:10     | Found a hazy altar of Hepliaklqana.
 13986 | D:10     | Found a bloodstained altar of Trog.
 14400 | D:10     | Killed a two-headed ogre
 14861 | D:11     | Found a staircase to the Orcish Mines.
 15021 | D:11     | Noticed a two-headed ogre
 15032 | D:11     | Killed a two-headed ogre
 15032 | D:11     | Offered knowledge of Sticky Flame by Vehumet.
 15040 | D:11     | Learned a level 4 spell: Sticky Flame
 15527 | D:11     | Found a basalt altar of Yredelemnul.
 15581 | Orc:1    | Entered Level 1 of the Orcish Mines
 15601 | Orc:1    | Noticed an orc knight
 15651 | Orc:1    | Killed an orc knight
 16030 | Orc:2    | Entered Level 2 of the Orcish Mines
 16035 | Orc:2    | Noticed Erolcha
 16080 | Orc:2    | Gained mutation: You are partially covered in sharp spines.
                  | [demonic ancestry]
 16080 | Orc:2    | Reached XP level 12. HP: 89/89 MP: 25/25
 16205 | Orc:2    | Killed Erolcha
 16205 | Orc:2    | Reached **** piety under Vehumet
 16206 | Orc:2    | Reached skill level 10 in Ice Magic
 16377 | D:$      | Got out of the dungeon alive.

Illustrated notes

Levels and vault maps discovered:
D:1:      lemuel_arrival_rhombus, layout_basic, minmay_misc_feat_nine_boxes
D:2:      layout_loops_ring
D:3:      minmay_wonky_spiral, layout_basic, grunt_ministairs_3, uniq_natasha
D:4:      cheibrodos_quashed, layout_rooms, mainiacjoe_overflow_paths,
          gup_sewer_entry_spiral
D:5:      layout_cave_pools, kennysheep_little_box,
          mainiacjoe_overflow_brackets, kennysheep_generic_room_14, uniq_edmund,
          uniq_blork_the_orc, uniq_grinder
D:6:      layout_loops_ring
D:7:      layout_gridville, mainiacjoe_overflow_small_starburst,
          mainiacjoe_overflow_surrounded_room, temple_statues
D:8:      layout_cave_pools, enter_bailey_5, amcnicky_mini_corridor_feature,
          kennysheep_generic_room_3, uniq_pikel
D:9:      layout_rooms, okawaru_metal_pillars_1_2, pf_just_have_faith, tgw_xom
D:10:     minmay_polygon_palace, layout_gridville,
          eat_drink_and_be_merry_uskayaw, gammafunk_temple_overflow_pools,
          lair_entry_dummy
D:11:     layout_loops_cross, minmay_orc_entry_temple_small,
          yredelemnul_forgotten_temple_becter
Temple:   hellmonk_temple_of_storms
Orc:1:    layout_diamond_mine
Orc:2:    st_orc_congregation, layout_caves, uniq_erolcha

Skill      XL: |  1  2  3  4  5  6  7  8  9 10 11 12 |
---------------+-------------------------------------+-----
Stealth        | 2 3 4 5 |  5.0
Dodging        | 2 3 4 5 6 |  6.6
Fighting       | 1 2 3 4 5 6 |  6.9
Ice Magic      | 4 5 6 7 8 9 10 | 10.0
Spellcasting   | 3 4 5 7 8 9 |  9.5
Conjurations   | 2 5 6 8 |  8.6

Action                   |  1- 3 |  4- 6 |  7- 9 | 10-12 || total
-------------------------+-------+-------+-------+-------++-------
Melee: Unarmed           |     3 |       |       |       ||     3
       Dagger            |    33 |    89 |   141 |     5 ||   268
       Kick              |     6 |    28 |    56 |    49 ||   139
       Punch             |       |     1 |     1 |     1 ||     3
       War axe           |       |       |       |   167 ||   167
 Cast: Freeze            |    45 |    55 |    42 |     6 ||   148
       Frozen Ramparts   |       |     8 |    18 |    24 ||    50
       Ozocubu's Armour  |       |     1 |    12 |    31 ||    44
       Hailstorm         |       |       |       |    43 ||    43
       Blink             |       |       |       |     2 ||     2
       Sticky Flame      |       |       |       |     1 ||     1
Evoke: Wand              |       |       |    12 |    18 ||    30
       Lightning rod     |       |       |       |     2 ||     2
  Use: Potion            |       |     1 |     1 |     3 ||     5
       Scroll            |       |     7 |    10 |       ||    17
 Stab: Sleeping          |     3 |     7 |     5 |    10 ||    25
       Distracted        |       |       |     1 |     1 ||     2
       Paralysed         |       |       |     7 |       ||     7
Armor: Robe              |    19 |    31 |    64 |    89 ||   203
Dodge: Dodged            |    57 |    70 |   111 |   244 ||   482
